 Dungeon Crawl Stone Soup version 0.26-a0-1053-gaff5f71418 (webtiles) character file.

Game seed: 11070553544363992238

25 sokol815 the Sneak (level 3, -1/31 HPs)
             Began as an Octopode Earth Elementalist on Dec 12, 2020.
             Succumbed to kobold's curare-tipped dart
             ... on level 1 of the Dungeon.
             The game lasted 00:03:47 (621 turns).

sokol815 the Sneak (Octopode Earth Elementalist)     Turns: 621, Time: 00:03:48

Health: -1/31      AC: 21    Str:  7    XL:     3   Next: 6%
Magic:  6/6        EV:  2    Int: 17    God:
Gold:   51         SH:  0    Dex: 13    Spells: 5/6 levels left

rFire    . . .     SeeInvis .   a - +0 dagger
rCold    . . .     Faith    .   (no shield)
rNeg     + + +     Spirit   .   (helmet currently unavailable)
rPois    +         Reflect  .   (no amulet)
rElec    .         Harm     .   (no ring)
rCorr    .         Rampage  .   (no ring)
Will     .....     NoTele   +   (no ring)
Stlth    ++........             (no ring)
HPRegen  0.10/turn              (no ring)
MPRegen  0.10/turn              (no ring)
                                (no ring)
                                (no ring)

@: lethally poisoned (-1 -> -13), tree-form, attractive, hasted and slowed
A: almost no armour, stealthy swim, (amphibious), 8 rings, (constrict 8)
a: no special abilities


You were on level 1 of the Dungeon.
You were a tree.
You visited 1 branch of the dungeon, and saw 1 of its levels.

You collected 51 gold pieces.

Inventory:

Hand Weapons
 a - a +0 dagger (weapon)
 e - a +0 short sword
 k - a +0 whip
Missiles
 b - 92 stones (quivered)
 h - 3 javelins
 i - 31 bolts
Scrolls
 c - 2 scrolls of teleportation {unknown}
 d - a scroll of fear {unknown}
 f - 3 scrolls of identify {unknown}
 m - a scroll of remove curse {unknown}
 n - a scroll of noise {unknown}
Potions
 l - a potion of lignification


   Skills:
 - Level 2.0 Dodging
 + Level 3.3 Stealth
 - Level 2.0 Spellcasting
 * Level 2.1 Transmutations
 + Level 3.3 Earth Magic


You had 5 spell levels left.
You knew the following spells:

 Your Spells              Type           Power        Failure   Level
a - Sandblast             Erth           ##....       4%          1

Your spell library contained the following spells:

 Spells                   Type           Power        Failure   Level
 Passwall                 Tmut/Erth      ##......     10%         2
 Stone Arrow              Conj/Erth      #.....       30%         3
 Petrify                  Tmut/Erth      ##......     54%         4
 Lee's Rapid Deconstruct  Erth           ##........   80%         5


Dungeon Overview and Level Annotations

Branches:
Dungeon (1/15)

Altars:


Innate Abilities, Weirdness & Mutations

You cannot wear most types of armour.
You are very stealthy in the water. (Stealth+)
((You are amphibious.))
You can wear up to eight rings at the same time.
((You can use your tentacles to constrict eight enemies at once.))
((Your skin changes colour to match your surroundings (Stealth+).))
((Your rubbery body absorbs attacks. (AC +1, EV +1)))


Message History

The curare-tipped dart hits you.
You are more poisoned.
You have difficulty breathing.
* * * LOW HITPOINT WARNING * * *
You feel as though you will be slow longer.
You see here a curare-tipped dart.
* * * LOW HITPOINT WARNING * * *
You feel sick. The bat misses you.
It was a potion of lignification.
You turn into a tree.
Your roots penetrate the ground.
* * * LOW HITPOINT WARNING * * *
You feel sick. The bat hits you but does no damage.
The kobold throws a curare-tipped dart.
The curare-tipped dart hits you.
It was a potion of attraction.
You feel attractive to monsters.
* * * LOW HITPOINT WARNING * * *
You feel sick. The bat hits you but does no damage. x2
The hobgoblin is pulled toward you! The kobold is pulled toward you!
It was a potion of haste.
You feel yourself speed up.
You die...

.....r#.#.#...#.#.# .
#......#...#..†#.) .. ...
#g..#.#.#.†.# ... #.#
#...#.#.#)..# ....
#.##...#...#.†.#..
.....#####g####.#.#...#.#.#
........##.################
#...Kb.....###.........
#..###♣###............. #.#
#.# #####...†..... ... #.#
#.†....... #.# #.#
#......... ... #.#
##......... #.# #.#
##.......... .. #.#
#..........# #.#
#..........## #.......#....


You could see a hobgoblin (wandering), a bat and a kobold.

Vanquished Creatures
  A dart slug (D:1)
  A leopard gecko (D:1)
  4 bats (D:1)
  5 goblins (D:1)
  2 hobgoblins (D:1)
  A frilled lizard (D:1)
  2 kobolds (D:1)
  5 rats (D:1)
21 creatures vanquished.

Notes
Turn   | Place    | Note
-------+----------+-------------------------------------------
     0 | D:1      | sokol815 the Octopode Earth Elementalist began the quest
                  | for the Orb.
     0 | D:1      | Reached XP level 1. HP: 11/11 MP: 3/3
   103 | D:1      | Reached XP level 2. HP: 17/17 MP: 5/5
   510 | D:1      | Reached XP level 3. HP: 19/21 MP: 6/6
   620 | D:1      | HP: 1/31 [poisoned by kobold (curare-tipped dart)]
   621 | D:1      | Succumbed to kobold's curare-tipped dart

Illustrated notes

Levels and vault maps discovered:
D:1:      dpeg_arrival_three_same_balls, layout_rooms, minmay_misc_feat_alley,
          kennysheep_doodads, hangedman_abyss_or_decor_stabs, st_stairs_9

Skill      XL: |  1  2 |
---------------+-------+-----
Stealth        | 3 |  3.3
Transmutations | 2 |  2.1
Dodging        | |  2.0
Spellcasting   | |  2.0
Earth Magic    | |  3.3

Action                   || total
-------------------------++-------
Melee: Short sword       ||    10
       Constrict         ||     8
       Tentacles         ||     2
       Dagger            ||    18
 Cast: Sandblast         ||    11
  Use: Potion            ||     3
 Stab: Sleeping          ||     6
Armor: Skin              ||     7
Dodge: Dodged            ||    19

Table legend: (Time is in decaauts)
 A = Elapsed time spent in this place.
 B = Non-inter-level travel time spent in this place.
 C = Inter-level travel time spent in this place.
 D = Time resting spent in this place.
 E = Time spent auto-exploring this place.
 F = Levels seen in this place.
 G = Mean time per level.
                   A        B        C        D        E       F      G
               +--------+--------+--------+--------+--------+-----+--------+
         Total |    624 |    624 |      0 |    154 |    292 |   1 |  624.0 |
       Dungeon |    624 |    624 |      0 |    154 |    292 |   1 |  624.0 |
               +--------+--------+--------+--------+--------+-----+--------+

Top non-repeatable levels by time:
     D:1: 624 daAuts
